Map: Acropolis LE

Players

Parkkatz - Winner!

  • Race: Zerg Zerg
  • League: Platinum
  • Spawn Location: 11:00

CheckURsix

  • Race: Terran Terran
  • League: Platinum
  • Spawn Location: 5:00

VOD

Have the link to the VOD?

Description

Time

  • Played on: June 30, 2019, 8:30 p.m.
  • Length: 14:58
Show
View Real Time Build Order
Export as new Build Order

Parkkatz Zerg - Winner!

Build Orders: Hatch First 

Get SALT Encoding   

  12  0:01  Drone  
  13  0:13  Overlord  
  13  0:17  Drone  
  14  0:41  Drone  
  14  0:42  Drone x2  
  17  1:01  Hatchery  
  16  1:05  Drone x2  
  18  1:18  Spawning Pool  
  18  1:20  Extractor  
  18  1:21  Drone  
  17  1:26  Drone  
  18  1:38  Drone  
  19  2:01  Overlord  
  19  2:05  Queen  
  21  2:15  Drone x2  
  23  2:16  Queen  
  23  2:22  Metabolic Boost  
  25  2:24  Drone  
  25  2:25  Drone  
  27  2:32  Drone  
  28  2:39  Drone  
  28  2:41  Queen  
  31  2:46  Zergling x2  
  31  2:47  Zergling x2  
  32  2:54  Extractor  
  32  2:55  Zergling x2  
  32  3:08  Drone x2  
  32  3:09  Drone  
  35  3:22  Hatchery  
  34  3:28  Drone x2  
  34  3:32  Overlord x2  
  36  3:45  Overlord x2  
  36  3:46  Overlord  
  36  3:50  Queen  
  37  4:00  Drone x6  
  41  4:05  Queen  
  41  4:08  Drone x2  
  45  4:24  Spore Crawler  
  45  4:25  Spore Crawler  
  45  4:27  Drone x2, Extractor  
  45  4:28  Drone x2, Extractor  
  45  4:38  Zergling x4  
  45  4:39  Zergling x2  
  45  4:42  Roach Warren  
  45  4:44  Evolution Chamber  
  46  4:46  Drone x3  
  46  4:47  Drone x3  
  46  4:49  Zergling x2  
  53  4:53  Baneling Nest  
  53  4:58  Drone x3  
  55  5:11  Overlord  
  55  5:15  Zergling x6  
  55  5:16  Zergling x4  
  60  5:26  Zerg Missile Weapons Level 1  
  60  5:27  Lair  
  60  5:30  Drone x4  
  60  5:31  Drone x2  
  60  5:35  Overlord  
  66  5:39  Overlord  
  66  5:44  Queen  
  65  6:02  Zergling x2  
  65  6:03  Zergling x18  
  70  6:09  Zergling x2  
  70  6:11  Roach x4  
  78  6:16  Queen  
  76  6:34  Roach x6  
  76  6:35  Roach  
  90  6:46  Glial Reconstitution  
  87  6:47  Queen  
  87  6:48  Drone  
  87  6:49  Drone x4  
  90  6:59  Overlord  
  90  7:00  Overlord x3  
  90  7:17  Overlord  
  90  7:19  Roach  
  90  7:20  Roach x9  
  90  7:22  Drone, Extractor  
  110  7:23  Drone, Extractor  
  110  7:25  Drone  
  110  7:27  Ravager  
  110  7:28  Ravager x5  
  117  7:35  Drone  
  117  7:36  Drone x3  
  117  7:37  Drone x2  
  122  7:39  Drone  
  124  7:48  Roach  
  124  7:50  Roach  
  128  7:52  Roach  
  128  7:53  Hatchery  
  128  7:55  Zerg Missile Weapons Level 2  
  129  8:00  Spore Crawler  
  129  8:03  Evolution Chamber  
  122  8:26  Zergling x22  
  122  8:27  Zergling x2  
  130  8:29  Zerg Melee Weapons Level 1  
  130  8:40  Overlord x5  
  130  8:41  Overlord x3  
  130  8:48  Centrifical Hooks  
  130  9:11  Zergling x6  
  130  9:12  Zergling x20  
  138  9:21  Baneling x2  
  138  9:22  Baneling x5  
  138  9:23  Baneling x2  
  135  9:28  Roach x6  
  135  9:29  Roach x3  
  148  9:33  Drone  
  123  10:12  Spore Crawler  
  102  10:19  Roach x4  
  102  10:20  Roach x13  
  118  10:31  Spire, Hydralisk Den  
  118  10:34  Infestation Pit  
  115  10:37  Drone x6  
  115  10:38  Drone x2  
  115  10:39  Overlord  
  115  10:40  Overlord  
  123  10:46  Drone x3  
  123  10:49  Zergling x6  
  119  11:05  Muscular Augments  
  119  11:09  Drone x3  
  119  11:10  Drone x4  
  118  11:20  Zergling x2  
  118  11:21  Zergling x22  
  118  11:23  Hive  
  118  11:25  Drone x4  
  133  11:27  Zergling x2, Extractor  
  133  11:29  Extractor  
  133  11:41  Hydralisk  
  133  11:42  Hydralisk x6  
  133  11:43  Hydralisk  
  133  11:46  Hydralisk  
  148  11:48  Hydralisk  
  148  11:53  Zerg Ground Armor Level 1  
  128  11:55  Zerg Melee Weapons Level 2  
  116  12:10  Drone  
  116  12:13  Roach  
  116  12:14  Hydralisk x6  
  116  12:15  Hydralisk  
  133  12:16  Grooved Spines, Zergling x2  
  133  12:17  Zergling x4  
  133  12:19  Baneling x3  
  133  12:20  Baneling  
  133  12:21  Baneling  
  133  12:22  Baneling x3  
  136  12:27  Spore Crawler  
  135  12:30  Spore Crawler  
  135  12:32  Spore Crawler  
  135  12:35  Hydralisk x2  
  135  12:36  Hydralisk  
  137  12:37  Spore Crawler  
  138  12:46  Drone  
  138  12:48  Hydralisk x4  
  138  12:51  Overseer x2  
  147  12:53  Pneumatized Carapace  
  147  12:55  Zergling x2  
  147  12:56  Zergling x2  
  147  12:57  Zergling x2  
  147  12:58  Zergling x2  
  151  13:10  Greater Spire  
  151  13:13  Adrenal Glands  
  151  13:16  Drone  
  151  13:17  Drone  
  153  13:20  Queen  
  153  13:25  Hydralisk x4  
  153  13:26  Hydralisk x2  
  166  13:28  Hydralisk  
  168  13:46  Zergling x22  
  168  13:47  Zergling x6  
  180  14:30  Hatchery  
  180  14:31  Extractor  
  160  14:33  Extractor  
Show
View Real Time Build Order
Export as new Build Order

CheckURsix Terran 

Build Orders:  

Get SALT Encoding   

  12  0:01  SCV  
  13  0:13  SCV  
  14  0:17  Supply Depot  
  14  0:25  SCV  
  15  0:39  SCV  
  15  0:40  Barracks  
  16  0:45  Refinery  
  16  0:51  SCV  
  17  1:03  SCV  
  18  1:15  SCV  
  19  1:31  Orbital Command  
  20  1:32  Reaper  
  20  1:43  Command Center  
  20  1:54  Barracks  
  20  1:57  SCV  
  21  2:09  SCV  
  21  2:12  Supply Depot  
  21  2:14  Barracks Reactor  
  22  2:29  Refinery, SCV  
  23  2:31  Factory  
  23  2:58  Marine x2  
  23  2:59  Barracks Tech Lab  
  23  3:04  Orbital Command  
  25  3:11  SCV  
  25  3:16  Starport  
  25  3:17  Factory Reactor  
  25  3:19  Marine  
  26  3:20  Marine  
  26  3:21  Marine  
  26  3:25  SCV  
  29  3:36  Marine  
  29  3:37  SCV x2  
  29  3:38  Marine  
  29  3:39  Marine  
  33  3:49  SCV x2  
  32  3:59  Marine x2  
  32  4:01  SCV  
  34  4:04  SCV  
  34  4:09  Stimpack  
  36  4:10  Medivac  
  35  4:13  Hellion, SCV  
  42  4:17  Marine x2, Hellion  
  42  4:21  SCV  
  45  4:24  Marine  
  45  4:27  SCV  
  46  4:32  Armory  
  46  4:39  Supply Depot  
  46  4:42  Supply Depot  
  46  4:44  Supply Depot  
  46  5:00  Marine x2  
  46  5:01  SCV x2  
  46  5:03  Hellion, Medivac  
  46  5:06  Hellion  
  56  5:12  Engineering Bay  
  56  5:13  SCV x2  
  58  5:17  Bunker  
  58  5:24  Marine x2  
  58  5:25  Marine, Refinery, SCV x2  
  63  5:32  Hellion x2  
  67  5:37  SCV x2  
  69  5:44  Missile Turret  
  69  5:45  Marine  
  70  5:51  Marine, Medivac  
  70  5:53  SCV x2  
  70  5:54  Hellion  
  67  6:08  Hellion  
  68  6:15  Hellion  
  70  6:31  Marine x3  
  71  6:33  Hellion, Medivac  
  71  6:36  Hellion  
  75  6:49  Marine, SCV x2  
  75  6:52  Refinery  
  78  6:55  Combat Shield  
  78  6:58  Command Center  
  78  7:00  Terran Vehicle Weapons Level 1, Missile Turret  
  78  7:01  Hellion x7, Barracks  
  78  7:02  Barracks x2  
  78  7:06  Factory  
  78  7:34  Missile Turret  
  78  7:38  Starport Reactor  
  78  7:50  Supply Depot  
  78  7:52  Supply Depot x2  
  78  7:53  Barracks Tech Lab  
  78  7:54  Barracks Reactor x2  
  78  7:58  Supply Depot  
  78  8:00  Engineering Bay, Terran Infantry Weapons Level 1  
  78  8:10  Hellion x2, Marine x2, Marauder, SCV x2  
  87  8:17  Liberator  
  84  8:22  SCV x2  
  70  8:31  Marine x4  
  70  8:32  Marauder x2  
  70  8:33  Hellion x2  
  70  8:34  Factory Tech Lab, SCV x2  
  80  8:41  Marine x2  
  86  8:46  SCV  
  88  8:49  Marine  
  88  8:52  Marine x3  
  88  8:54  Marauder x2  
  96  8:59  Marine  
  96  9:00  Marine  
  98  9:07  Marine  
  91  9:15  Marauder  
  77  9:18  Siege Tank  
  75  9:29  Marine x5, Marauder  
  75  9:30  Marine  
  75  9:31  Widow Mine  
  73  9:36  Marauder  
  56  9:47  Marine  
  56  9:52  Marine, Marauder  
  59  9:56  Orbital Command  
  57  10:00  Concussive Shells, Marine  
  57  10:01  Marine, Marauder  
  60  10:21  SCV  
  60  10:24  SCV  
  61  10:33  Supply Depot  
  61  10:34  SCV  
  62  10:42  Marine, Marauder  
  64  10:43  Marine  
  64  10:46  SCV  
  66  10:58  SCV  
  66  11:03  Marine x2  
  66  11:04  Marauder x2  
  60  11:29  Bunker  
  60  11:31  Siege Tank  
  63  11:39  Orbital Command  
  63  11:46  Marine x2, Marauder x2  
  62  12:06  SCV x2  
  64  12:18  SCV  
  64  12:21  Supply Depot  
  65  12:23  Marine, Marauder  
  65  12:24  Marauder  
  70  12:35  Refinery  
  70  12:40  Supply Depot  
  70  12:51  Marine x6, Marauder x2  
  75  12:53  SCV  
  81  12:59  Supply Depot  
  81  13:05  Refinery  
  81  13:08  Marine  
  81  13:09  Marine x2  
  81  13:12  Marauder  
  86  13:17  Supply Depot  
  85  13:57  Liberator  
  75  14:06  SCV  
  75  14:07  Command Center  
  76  14:12  Siege Tank  
  76  14:13  Supply Depot, Widow Mine x2  
  72  14:36  Marine  
  72  14:37  Marine  
Tags
 
Matchup
TvZ
Replay Pack
SC2 replays
Spawn Locations
Cross Positions
Add a new tag
Caveats
  • Supply blocks, unpowered buildings, or Contaminate may cause inaccurate times.
  • Supply counts are checked every 10 seconds.